 Dungeon Sprint DCSS version 0.22-a0-293-gc9362ec (webtiles) character file.

92830 Kidiri the Hoplite (level 15, -5/174 HPs)
             Began as a Minotaur Fighter on Mar 25, 2018.
             Was the Champion of Okawaru.
             Killed by a malign offering
             ... invoked by a deep elf high priest
              (18 damage)
             ... in the Dungeon (Sprint VII: "The Pits").
             The game lasted 00:33:42 (7403 turns).

Kidiri the Hoplite (Minotaur Fighter)               Turns: 7403, Time: 00:33:42

Health: -5/174     AC: 37    Str: 25    XL:     15   Next: 59%
Magic:  14/21      EV: 21    Int:  3    God:    Okawaru [******]
Gold:   51         SH:  0    Dex: 18    Spells: 14/14 levels left

rFire    . . .     SeeInvis .   J - +1 sword of Power
rCold    . . .     Gourm    .   (shield currently unavailable)
rNeg     . . .     Faith    .   L - +6 plate armour "Sirattadgh" {rElec rCorr Str-2 Int-2}
rPois    +         Spirit   .   (helmet unavailable)
rElec    +         Reflect  .   H - +1 cloak {rPois}
rCorr    +         Harm     .   K - +1 pair of gloves
MR       +....     NoTele   +   A - +1 pair of boots {Fly}
Stlth    +++.......             (no amulet)
HPRegen  0.39/turn              r - +3 ring of strength
MPRegen  0.17/turn              s - +3 ring of dexterity

@: heroism, finesse, flying
A: retaliatory headbutt, horns 3, thin skeletal structure 1, robust 1
a: Heroism, Finesse, Renounce Religion, Stop Flying


You were in the Dungeon.
You worshipped Okawaru.
Okawaru was exalted by your worship.
You were not hungry.

You visited 1 branch You collected 51 gold pieces.

Inventory:

Hand Weapons
 J - the +1 sword of Power (weapon)
   (You found it in the Dungeon)
Missiles
 k - 6 javelins of returning (quivered)
 v - 6 silver javelins
 C - 3 silver tomahawks
Armour
 c - a +0 pair of gloves of archery
 w - a +0 large shield
 A - a +1 pair of boots of flying (worn)
 H - a +1 cloak of poison resistance (worn)
 K - a +1 pair of gloves (worn)
 L - the +6 plate armour "Sirattadgh" (worn) {rElec rCorr Str-2 Int-2}
   (You found it in the Dungeon)

   It affects your strength (-2).
   It affects your intelligence (-2).
   It insulates you from electricity.
   It protects you from acid and corrosion.
Jewellery
 r - a +3 ring of strength (left hand)
 s - a +3 ring of dexterity (right hand)
 y - an uncursed ring of protection from cold
 z - an uncursed ring of positive energy
Scrolls
 m - 5 scrolls of remove curse
 n - 5 scrolls of amnesia
 D - a scroll of fear
Potions
 d - a potion of might
 e - 4 potions of curing
 h - a potion of haste
 i - 4 potions of magic
 j - 3 potions of berserk rage
 l - 2 potions of invisibility
 E - a potion of resistance
Comestibles
 a - 2 chunks of flesh
 f - 13 rations


   Skills:
 * Level 21.6(26.6) Fighting
 * Level 21.4(26.4) Long Blades
 + Level 14.0(19.0) Throwing
 * Level 21.5(26.5) Armour
 + Level 14.9(19.9) Dodging
 + Level 13.0(18.0) Stealth
 * Level 21.6(26.6) Shields
 - Level 10.0 Invocations
 + Level 9.7 Evocations


You had 14 spell levels left.
You didn't know any spells.

Dungeon Overview and Level Annotations

Branches:
Dungeon (1/1)

Altars:
Ashenzari
Cheibriados
Dithmenos
Elyvilon
Fedhas
Gozag
Hepliaklqana
Kikubaaqudgha
Makhleb
Nemelex Xobeh
Okawaru
Qazlal
Ru
Sif Muna
Trog
Uskayaw
Vehumet
Wu Jian
Xom
Yredelemnul
Zin
The Shining One
Beogh
Jiyva
Lugonu

Annotations:
D exclusion: 20 doors


Innate Abilities, Weirdness & Mutations

You reflexively headbutt those who attack you in melee.
You have a pair of large horns on your head.
You have a somewhat thin skeletal structure. (Dex +2, Stealth)
You are robust. (+10% HP)


Message History

You hear some strange, mumbled words.
The Brimstone Fiend calls on the powers of darkness!
The deep elf high priest convulses!
Your body is wracked with pain!
* * * LOW HITPOINT WARNING * * *
The ogre mage convulses!
The deep elf high priest hits you but does no damage.
You feel better.
You hear some strange, mumbled words.
A bolt of fire appears from out of thin air!
The bolt of fire hits the Brimstone Fiend.
The Brimstone Fiend completely resists.
The bolt of fire misses you. The Brimstone Fiend hits you.
* * * LOW HITPOINT WARNING * * *
The Brimstone Fiend closely misses you. The Brimstone Fiend hits you.
* * * LOW HITPOINT WARNING * * *
You slice the Brimstone Fiend!!
The Brimstone Fiend is severely wounded.
The deep elf high priest utters a dark prayer and points at you.
Your life force is offered up.
You die...

).................#
++##############..#
....#<[[(#[[#[[#..#
....##++##[[#[[#..#
....#....#.....#..#
..###....####..#..#
....).......+..#..#
.........####..#..#
...####..#.....#@.#
...#((#))#[[#[[#1e#
..##((+..#[[#[.#))#
################1'#
************####''#
,,,**,,,*,*,#.).O.#
,,,*,,*....)..#..##
,,+*,**#...).###(:#
,**,,,*...(..,#o(##


You could see a Tzitzimitl, a Brimstone Fiend, an ogre mage and a deep elf high
priest.

Vanquished Creatures
  An orb of fire (D)
  A greater mummy (D)
  2 Killer Klowns (D)
  3 Brimstone Fiends (D)
  An Ice Fiend (D)
  A lich (D)
  A titan (D)
  A death cob (D)
  A nagaraja (D)
  2 draconian knights (D)
  A pandemonium lord (D)
  Louise (D)
  3 emperor scorpions (D)
  2 orc warlords (D)
  2 deep elf sorcerers (D)
  A draconian shifter (D)
  An iron dragon (D)
  A draconian stormcaller (D)
  2 reapers (D)
  A green draconian (D)
  A vampire knight (D)
  A purple draconian (D)
  A minotaur (D)
  A deep elf annihilator (D)
  An eidolon (D)
  An ettin (D)
  2 deep elf death magi (D)
  A fire dragon (D)
  A yaktaur captain (D)
  A blizzard demon (D)
  2 deep elf high priests (D)
  A great orb of eyes (D)
  A rakshasa (D)
  A hydra (D)
  2 vault guards (D)
  An anaconda (D)
  An alligator snapping turtle (D)
  An ogre mage (D)
  A merfolk avatar (D)
  A vampire mage (D)
  A spriggan berserker (D)
  A death yak (D)
  An orc high priest (D)
  5 deep elf knights (D)
  2 deep trolls (D)
  A sea snake (D)
  2 phantasmal warriors (D)
  A flayed ghost (D)
  10 orc knights (D)
  A lindwurm (D)
  A deep elf mage (D)
  An orc sorcerer (D)
  A manticore (D)
  A large abomination (D)
  A guardian serpent (D)
  A black mamba (D)
  An orange demon (D)
  An efreet (D)
  2 kobold demonologists (D)
  A spiny frog (D)
  2 hellwings (D)
  3 guardian mummies (D)
  A tormentor (D)
  A demonic crawler (D)
  An ice devil (D)
  A hornet (D)
  A troll (D)
  A hippogriff (D)
  A bog body (D)
  5 redbacks (D)
  An air elemental (D)
  A small abomination (D)
  A water elemental (D)
  A ynoxinul (D)
  3 fire bats (D)
  A tarantella (D)
  A wyvern (D)
  2 golden eyes (D)
  2 neqoxecs (D)
  A steam dragon (D)
  A warg (D)
  2 floating eyes (D)
  An acid dragon (D)
  Purgy (D)
  3 orc warriors (D)
  A black bear (D)
  An ice beast (D)
  A swamp drake (D)
  A sky beast (D)
  3 eyes of draining (D)
  15 wolves (D)
  2 centaurs (D)
  A big kobold (D)
  A gnoll sergeant (D)
  A crimson imp (D)
  Crazy Yiuf (D)
  A gnoll shaman (D)
  2 orc priests (D)
  An orc wizard (D)
  Jessica (D)
  2 worker ants (D)
  A hell rat (D)
  9 gnolls (D)
  2 river rats (D)
  2 adder zombies (D)
  A leopard gecko (D)
  4 orcs (D)
  2 ball pythons (D)
  A giant cockroach (D)
  A quokka (D)
  A ball python simulacrum (D)
  A bat simulacrum (D)
  A giant cockroach simulacrum (D)
  A goblin (D)
189 creatures vanquished.

Vanquished Creatures (others)
  A hungry ghost (D)
  An orc (D)
  A frilled lizard (D)
3 creatures vanquished.

Grand Total: 192 creatures vanquished

Notes
Turn   | Place    | Note
-------+----------+-------------------------------------------
     0 | D        | Kidiri the Minotaur Fighter began the quest for the Orb.
     0 | D        | Reached XP level 1. HP: 19/19 MP: 0/0
    69 | D        | Found a bloodstained altar of Trog.
    69 | D        | Found a deep blue altar of Sif Muna.
    69 | D        | Found a viscous altar of Jiyva.
    69 | D        | Found a hazy altar of Hepliaklqana.
    69 | D        | Found an opulent altar of Gozag.
    70 | D        | Found a glowing golden altar of the Shining One.
    70 | D        | Found a glowing silver altar of Zin.
    70 | D        | Found a basalt altar of Yredelemnul.
    70 | D        | Found a shimmering altar of Xom.
    70 | D        | Found an ornate altar of the Wu Jian Council.
    70 | D        | Found a sacrificial altar of Ru.
    70 | D        | Found a stormy altar of Qazlal.
    70 | D        | Found an iron altar of Okawaru.
    70 | D        | Found a sparkling altar of Nemelex Xobeh.
    70 | D        | Found a burning altar of Makhleb.
    70 | D        | Found a blossoming altar of Fedhas.
    70 | D        | Found a white marble altar of Elyvilon.
    70 | D        | Found a shadowy altar of Dithmenos.
    70 | D        | Found a snail-covered altar of Cheibriados.
    72 | D        | Found a radiant altar of Vehumet.
    72 | D        | Found a corrupted altar of Lugonu.
    72 | D        | Found a roughly hewn altar of Beogh.
    73 | D        | Found a hide-covered altar of Uskayaw.
    73 | D        | Found an ancient bone altar of Kikubaaqudgha.
    73 | D        | Found a shattered altar of Ashenzari.
    78 | D        | Became a worshipper of Warmaster Okawaru
   100 | D        | Reached skill level 1 in Dodging
   100 | D        | Reached XP level 2. HP: 14/28 MP: 1/1
   260 | D        | Reached skill level 1 in Throwing
   260 | D        | Reached skill level 1 in Stealth
   266 | D        | Reached skill level 1 in Invocations
   343 | D        | Noticed a big kobold
   354 | D        | Reached XP level 3. HP: 34/34 MP: 2/2
   374 | D        | Killed a big kobold
   374 | D        | Reached skill level 5 in Fighting
   374 | D        | Reached skill level 5 in Long Blades
   374 | D        | Reached skill level 5 in Armour
   374 | D        | Reached skill level 5 in Shields
   374 | D        | Reached XP level 4. HP: 42/44 MP: 2/4
   466 | D        | Noticed a fire bat
   466 | D        | Noticed a centaur
   467 | D        | Noticed a floating eye
   467 | D        | Noticed a gnoll sergeant
   479 | D        | Killed a fire bat
   479 | D        | Reached * piety under Okawaru
   479 | D        | Reached XP level 5. HP: 51/51 MP: 4/6
   480 | D        | Noticed a black bear
   482 | D        | Killed a centaur
   482 | D        | Reached XP level 6. HP: 60/60 MP: 4/7
   483 | D        | Paralysed by a floating eye for 3 turns
   485 | D        | Noticed Crazy Yiuf
   489 | D        | Paralysed by a floating eye for 3 turns
   497 | D        | Paralysed by a floating eye for 2 turns
   513 | D        | Killed Crazy Yiuf
   517 | D        | Paralysed by a floating eye for 2 turns
   522 | D        | Killed a floating eye
   522 | D        | Reached ** piety under Okawaru
   522 | D        | Reached XP level 7. HP: 36/68 MP: 6/9
   788 | D        | Noticed a tarantella
   797 | D        | Killed a tarantella
   797 | D        | Reached skill level 5 in Dodging
   800 | D        | Noticed Purgy
   800 | D        | Noticed a fire bat
   805 | D        | Killed a fire bat
   805 | D        | Reached XP level 8. HP: 76/78 MP: 8/10
   814 | D        | Killed Purgy
   814 | D        | Reached skill level 5 in Throwing
   814 | D        | Reached skill level 5 in Invocations
   928 | D        | Noticed a kobold demonologist
   941 | D        | Killed a kobold demonologist
   941 | D        | Reached *** piety under Okawaru
   941 | D        | Reached skill level 10 in Fighting
   941 | D        | Reached skill level 10 in Armour
   941 | D        | Reached skill level 5 in Stealth
   941 | D        | Reached skill level 10 in Shields
   976 | D        | Gained mutation: Your body sometimes deteriorates upon taking damage. [potion of mutation]
   976 | D        | Gained mutation: You are somewhat resistant to further mutation. [potion of mutation]
   976 | D        | Gained mutation: You are resistant to hostile enchantments. (MR+) [potion of mutation]
   977 | D        | Lost mutation: You are resistant to hostile enchantments. (MR+) [potion of mutation]
   977 | D        | Lost mutation: Your body sometimes deteriorates upon taking damage. [potion of mutation]
   977 | D        | Lost mutation: You are somewhat resistant to further mutation. [potion of mutation]
   977 | D        | Gained mutation: You are weak. (Str -2) [potion of mutation]
   977 | D        | Gained mutation: Your flesh is heat resistant. (rF+) [potion of mutation]
   977 | D        | Gained mutation: You are somewhat resistant to further mutation. [potion of mutation]
  1086 | D        | Noticed a manticore
  1098 | D        | Killed a manticore
  1098 | D        | Reached skill level 10 in Long Blades
  1098 | D        | Reached XP level 9. HP: 83/86 MP: 10/12
  1106 | D        | Noticed a hellwing
  1132 | D        | Killed a hellwing
  1132 | D        | Reached **** piety under Okawaru
  1319 | D        | Noticed a deep troll
  1333 | D        | Killed a deep troll
  1345 | D        | Reached ***** piety under Okawaru
  1435 | D        | Noticed Jessica
  1435 | D        | Noticed a phantasmal warrior
  1440 | D        | Killed Jessica
  1441 | D        | Killed a phantasmal warrior
  1441 | D        | Received a gift from Okawaru
  1441 | D        | Reached XP level 10. HP: 83/97 MP: 5/14
  1474 | D        | Received a gift from Okawaru
  1740 | D        | Noticed an orc high priest
  1755 | D        | Noticed a sun demon
  1757 | D        | Killed an orc high priest
  1773 | D        | Noticed a spiny frog
  1774 | D        | Noticed a rakshasa
  1782 | D        | Killed a spiny frog
  1814 | D        | Killed a rakshasa
  1814 | D        | Received a gift from Okawaru
  2055 | D        | Noticed a flayed ghost
  2058 | D        | Noticed a phantasmal warrior
  2058 | D        | Noticed a black mamba
  2058 | D        | Received a gift from Okawaru
  2060 | D        | Noticed a lindwurm
  2067 | D        | Killed a black mamba
  2067 | D        | Reached XP level 11. HP: 82/107 MP: 8/16
  2068 | D        | Killed a flayed ghost
  2074 | D        | Killed a phantasmal warrior
  2074 | D        | Received a gift from Okawaru
  2082 | D        | Received a gift from Okawaru
  2094 | D        | Killed a lindwurm
  2276 | D        | Lost mutation: Your flesh is heat resistant. (rF+) [potion of mutation]
  2276 | D        | Lost mutation: You are somewhat resistant to further mutation. [potion of mutation]
  2276 | D        | Lost mutation: You are weak. (Str -2) [potion of mutation]
  2276 | D        | Gained mutation: You have a pair of large horns on your head. [potion of mutation]
  2276 | D        | Gained mutation: You are robust. (+10% HP) [potion of mutation]
  2276 | D        | Gained mutation: You have a somewhat thin skeletal structure. (Dex +2, Stealth) [potion of mutation]
  2276 | D        | Gained mutation: You are very robust. (+20% HP) [potion of mutation]
  2430 | D        | Noticed a deep troll
  2434 | D        | Noticed an emperor scorpion
  2441 | D        | Killed a deep troll
  2441 | D        | Received a gift from Okawaru
  2464 | D        | Killed an emperor scorpion
  2464 | D        | Reached ****** piety under Okawaru
  2805 | D        | Noticed a soul eater
  2926 | D        | Noticed a sea snake
  2926 | D        | Noticed a death yak
  2929 | D        | Killed a sea snake
  2941 | D        | Killed a death yak
  3024 | D        | Noticed an eidolon
  3024 | D        | Noticed a five-headed hydra
  3024 | D        | Noticed a Killer Klown
  3024 | D        | Noticed a green draconian
  3024 | D        | Noticed an ettin
  3024 | D        | Noticed an orc sorcerer
  3027 | D        | Killed an eidolon
  3027 | D        | Reached skill level 10 in Dodging
  3027 | D        | Killed an orc sorcerer
  3027 | D        | Reached skill level 15 in Shields
  3027 | D        | Reached XP level 12. HP: 113/141 MP: 10/18
  3028 | D        | Killed a five-headed hydra
  3028 | D        | Reached skill level 15 in Fighting
  3028 | D        | Reached skill level 15 in Armour
  3032 | D        | Killed a green draconian
  3032 | D        | Received a gift from Okawaru
  3033 | D        | Reached skill level 15 in Long Blades
  3053 | D        | Killed an ettin
  3058 | D        | Killed a Killer Klown
  3058 | D        | Reached skill level 10 in Throwing
  3058 | D        | Reached skill level 10 in Invocations
  3423 | D        | Noticed a lich
  3423 | D        | Noticed a merfolk avatar
  3424 | D        | Noticed an alligator snapping turtle
  3426 | D        | Noticed a great orb of eyes
  3431 | D        | Killed a merfolk avatar
  3431 | D        | Reached skill level 1 in Evocations
  3432 | D        | Noticed a vampire knight
  3436 | D        | Noticed an anaconda
  3436 | D        | Killed an alligator snapping turtle
  3444 | D        | Killed a lich
  3444 | D        | Received a gift from Okawaru
  3451 | D        | Received a gift from Okawaru
  3459 | D        | Killed a vampire knight
  3459 | D        | Received a gift from Okawaru
  3459 | D        | Reached XP level 13. HP: 156/156 MP: 13/19
  3472 | D        | Received a gift from Okawaru
  3476 | D        | Noticed a death cob
  3479 | D        | Noticed a fire dragon
  3488 | D        | Killed a death cob
  3499 | D        | Killed a fire dragon
  3516 | D        | Found the +6 Majin-Bo {vamp, Archmagi MP+6 Int+6}
  3517 | D        | Reached skill level 10 in Stealth
  3522 | D        | Noticed a minotaur
  3537 | D        | Killed a minotaur
  4006 | D        | Noticed an orb of fire
  4006 | D        | Lost mutation: You are very robust. (+20% HP) [an orb of fire]
  4072 | D        | Noticed an emperor scorpion
  4077 | D        | Gained mutation: You are agile. (Dex +2) [a neqoxec]
  4083 | D        | Noticed an orc warlord
  4084 | D        | Noticed an orc warlord
  4096 | D        | Killed an emperor scorpion
  4121 | D        | Killed an orc warlord
  4131 | D        | Killed an orc warlord
  4157 | D        | Noticed Louise
  4157 | D        | Received a gift from Okawaru
  4176 | D        | Killed Louise
  4176 | D        | Reached skill level 5 in Evocations
  4180 | D        | Got a crude ring mail {god gift}
  4200 | D        | Identified the +6 ring mail of Taonepuh {Dex+4} (Okawaru gifted it to you in the Dungeon)
  4617 | D        | Found the +0 sword of Power
  4660 | D        | Noticed a titan
  4681 | D        | Killed a titan
  4681 | D        | Reached XP level 14. HP: 41/158 MP: 18/20
  5089 | D        | Got the +6 plate armour "Sirattadgh" {rElec rCorr Str-2 Int-2}
  5162 | D        | Lost mutation: You are agile. (Dex +2) [an orb of fire]
  5165 | D        | Killed an orb of fire
  5165 | D        | Received a gift from Okawaru
  5168 | D        | Got a bone triple sword {god gift}
  5503 | D        | Noticed a Brimstone Fiend
  5509 | D        | Killed a Brimstone Fiend
  5584 | D        | Noticed a Brimstone Fiend
  5591 | D        | Killed a Brimstone Fiend
  5595 | D        | Noticed an iron dragon
  5597 | D        | Killed an iron dragon
  5600 | D        | Noticed Foitig the pandemonium lord
  5612 | D        | Killed Foitig the pandemonium lord
  5760 | D        | Noticed a greater mummy
  5760 | D        | Noticed an emperor scorpion
  5760 | D        | Noticed a reaper
  5776 | D        | Killed a reaper
  5776 | D        | Received a gift from Okawaru
  5776 | D        | Killed an emperor scorpion
  5779 | D        | Lost intelligence.
  5796 | D        | Killed a greater mummy
  5796 | D        | Received a gift from Okawaru
  5796 | D        | Received a gift from Okawaru
  5796 | D        | Received a gift from Okawaru
  5796 | D        | Noticed a reaper
  5817 | D        | Identified the +5 triple sword of Discord {slice, Fragile rPois rF+ MR+} (Okawaru gifted it to you in the Dungeon)
  6117 | D        | Noticed an Ice Fiend
  6124 | D        | Killed an Ice Fiend
  6347 | D        | Noticed a reaper
  6355 | D        | Killed a reaper
  6355 | D        | Reached XP level 15. HP: 146/171 MP: 14/21
  6358 | D        | Noticed a Killer Klown
  6369 | D        | Killed a Killer Klown
  6503 | D        | Noticed a Brimstone Fiend
  6509 | D        | Killed a Brimstone Fiend
  6646 | D        | Noticed a deep elf sorcerer
  6648 | D        | Killed a deep elf sorcerer
  6652 | D        | Noticed a green draconian knight
  6692 | D        | Killed a green draconian knight
  6692 | D        | Received a gift from Okawaru
  6879 | D        | Noticed a nagaraja
  6883 | D        | Noticed a deep elf sorcerer
  6885 | D        | Noticed a purple draconian knight
  6897 | D        | Killed a nagaraja
  6901 | D        | Killed a deep elf sorcerer
  6937 | D        | Killed a purple draconian knight
  7374 | D        | Noticed a lich
  7389 | D        | Noticed a Brimstone Fiend
  7402 | D        | Noticed a Tzitzimitl
  7403 | D        | Killed from afar by a deep elf high priest

Vault maps used:
D:        pitsprint

Skill      XL: |  1  2  3  4  5  6  7  8  9 10 11 12 13 14 15 |
---------------+----------------------------------------------+-----
Fighting       | 4 5 6 7 8 9 10 11 13 14 16 18 20 21 | 21.6
Long Blades    | 3 5 6 7 8 10 11 12 14 16 18 20 21 | 21.4
Armour         | 4 5 6 7 8 9 10 11 13 14 16 18 20 21 | 21.5
Dodging        | 1 2 3 4 5 6 7 8 10 11 12 14 | 14.9
Shields        | 4 5 6 7 8 9 10 11 13 15 16 18 20 21 | 21.6
Throwing       | 1 2 3 4 5 7 8 9 10 11 13 14 | 14.0
Stealth        | 1 2 3 4 5 6 7 8 9 11 12 13 | 13.0
Invocations    | 1 2 3 4 5 6 8 9 10 | 10.0
Evocations     | 2 6 8 9 |  9.7

Action                   |  1- 3 |  4- 6 |  7- 9 | 10-12 | 13-15 || total
-------------------------+-------+-------+-------+-------+-------++-------
Melee: Long sword        |     6 |    26 |   110 |   266 |    36 ||   444
       Falchion          |    30 |       |       |       |       ||    30
       Headbutt          |     6 |     7 |    30 |    82 |   104 ||   229
       Double sword      |       |       |       |       |   104 ||   104
       Great sword       |       |       |       |       |   171 ||   171
Throw: Stone             |       |       |       |     9 |     5 ||    14
       Javelin           |       |       |       |    32 |    61 ||    93
       Tomahawk          |       |       |       |       |    25 ||    25
Invok: Heroism           |       |     1 |     6 |     8 |    14 ||    29
       Finesse           |       |       |     1 |     5 |    10 ||    16
  Use: Potion            |       |     5 |     2 |     1 |    24 ||    32
       Scroll            |       |     1 |       |     9 |     3 ||    13
 Stab: Sleeping          |       |       |       |       |     4 ||     4
  Eat: Ration            |       |       |     1 |     1 |     3 ||     5
       Chunk             |       |       |     2 |     4 |     1 ||     7
Armor: Scale mail        |     8 |       |       |       |       ||     8
       Chain mail        |       |    13 |    15 |       |       ||    28
       Plate armour      |       |       |    26 |    41 |    63 ||   130
       Ring mail         |       |       |       |       |     4 ||     4
Dodge: Dodged            |    10 |     8 |    38 |    61 |    85 ||   202
Block: Shield            |    19 |    18 |    75 |   142 |    55 ||   309
       Large shield      |       |       |       |       |    32 ||    32
       Rpst.: Falchion   |     3 |       |       |       |       ||     3
       Long sword        |       |       |     8 |    19 |       ||    27
       Double sword      |       |       |       |       |     5 ||     5
       Great sword       |       |       |       |       |     9 ||     9

Table legend:
 A = Spawn XP
 B = Non-spawn XP
 C = Spawn XP percentage of total XP
 D = Spawn monster count
 E = Non-spawn monster count
 F = Spawn count percentage of total count
 G = Total turns spent on level
                    A         B        C        D         E        F      G
               +---------+---------+-------+---------+---------+-------+---------
         Total |       0 |  132615 |   0.0 |       0 |     190 |   0.0 |  7403
               +---------+---------+-------+---------+---------+-------+---------
             D |       0 |  132615 |   0.0 |       0 |     190 |   0.0 |  7403
               +---------+---------+-------+---------+---------+-------+---------
